[Event "ICC tourney 2069 (15 5)"]
[Site "Internet Chess Club"]
[Date "2020.10.18"]
[Round "6"]
[White "skyler-kelly"]
[Black "greasyaluminum"]
[Result "1-0"]
[ICCResult "Black resigns"]
[WhiteElo "1503"]
[BlackElo "1434"]
[Opening "Queen's pawn, Mason variation"]
[ECO "D00"]
[NIC "QP.08"]
[Time "17:02:34"]
[TimeControl "900+5"]

1. d4 d5 2. Bf4 e6 3. e3 Nf6 4. Bd3 Bd6 5. Bg3 Nbd7 6. Nf3 Nb6 7. Nbd2 c5 8.
c3 cxd4 9. exd4 Be7 10. Qe2 Bd7 11. Ne5 Rc8 12. Ndf3 O-O 13. Bc2 a6 14. a4
Nc4 15. Nxc4 Rxc4 16. Ne5 Rc8 17. Bh4 Ne4 18. Bxe7 Qxe7 19. Nxd7 Qxd7 20.
Bxe4 dxe4 21. Qxe4 e5 22. O-O exd4 23. Rad1 Qxa4 24. Rxd4 Qb5 25. Rb4 Qc5
26. Rxb7 Rce8 27. Qf3 Qc4 28. b3 Qe6 29. h3 Rb8 30. Rd1 Rxb7 31. Qxb7 h6 32.
c4 a5 33. Qd5 Qb6 34. c5 Qb5 35. c6 Qxd5 36. Rxd5 Rc8 37. Rc5 Kf8 38. Kf1
Ke7 39. Ke2 Kd6 40. Rxa5 Rxc6 41. Kd3 Rb6 42. Kc3 g6 43. b4 f5 44. Kc4 Kc6
45. b5+ Kd6 46. Ra6 Kc7 47. Kc5 Rxa6 48. bxa6 g5 49. Kd5 g4 50. hxg4 fxg4
51. Ke5 h5 52. Kf4 Kb6 53. Kg5 g3 54. f4 Kxa6 55. Kxh5 Kb6 56. Kg4 Kc6 57.
Kxg3 Kd7 58. Kf3 Ke7 59. Ke4 Ke6 60. g4 Kf6 61. f5 Kf7 62. Ke5 Ke7 63. Kd5
Kd7 64. g5 Ke7 65. Ke5 Kf7 66. Kd6 Kf8 67. Ke6 Ke8 68. Kf6 Kf8 69. Kg6 Kg8
70. f6 Kf8 71. Kh7 Kf7 72. g6+ Kxf6 73. g7 Kf5 74. g8=Q Kf4 75. Qe6 Kf3 76.
Qc4 Ke3 77. Kg6 Kd2 78. Qb3 Ke2 79. Kf5 Kf2 80. Kf4 Ke2 81. Qe3+ Kd1 82. Qf2
Kc1 83. Ke3 Kb1 84. Kd3 Ka1 85. Kc3 {Black resigns} 1-0

[Event "ICC tourney 2069 (15 5)"]
[Site "Internet Chess Club"]
[Date "2020.10.18"]
[Round "6"]
[White "Ojas2020"]
[Black "mortonaw"]
[Result "0-1"]
[ICCResult "White checkmated"]
[WhiteElo "1403"]
[BlackElo "1589"]
[Opening "Benkö gambit accepted"]
[ECO "A58"]
[NIC "BI.45"]
[Time "17:02:15"]
[TimeControl "900+5"]

1. d4 Nf6 2. c4 c5 3. d5 b5 4. cxb5 a6 5. bxa6 Bxa6 6. Nc3 Qa5 7. Nf3 Ne4 8.
Qa4 Qxa4 9. Nxa4 g6 10. g3 Bg7 11. Bg2 O-O 12. Bh3 d6 13. O-O Bxe2 14. Re1
Bxf3 15. b3 Bxa1 16. Re3 Nxf2 17. Rxf3 Ne4 18. Bg2 Bd4+ 19. Kf1 Nd7 20. Ke1
Nef6 21. Bh6 Ne5 22. Rf1 Rfb8 23. Kd2 c4 24. Rb1 Rxa4 25. Kc2 cxb3+ 26. axb3
Ra2+ 27. Kc1 Rxg2 28. Bf4 Rg1+ 29. Kc2 Rxb1 30. Kxb1 Rxb3+ 31. Kc2 Rb2+ 32.
Kd1 Rxh2 33. Kc1 Nxd5 34. Bd2 Nc4 35. Bf4 Be3+ 36. Bxe3 Ndxe3 37. Kb1 d5 38.
Kc1 Rh1# {White checkmated} 0-1

[Event "ICC tourney 2069 (15 5)"]
[Site "Internet Chess Club"]
[Date "2020.10.18"]
[Round "6"]
[White "prkukuku"]
[Black "Legolas08"]
[Result "1-0"]
[ICCResult "Black resigns"]
[WhiteElo "1364"]
[BlackElo "1579"]
[Opening "Caro-Kann defense"]
[ECO "B11"]
[NIC "CK.01"]
[Time "17:02:22"]
[TimeControl "900+5"]

1. e4 c6 2. Nc3 d5 3. exd5 cxd5 4. d4 Nf6 5. Nf3 Nc6 6. Bb5 a6 7. Ba4 Bg4 8.
h3 Bxf3 9. Qxf3 b5 10. Bb3 Nxd4 11. Qd3 Nxb3 12. axb3 e6 13. Rxa6 Rxa6 14.
Qxb5+ Nd7 15. Qxa6 Bb4 16. O-O Bxc3 17. bxc3 O-O 18. Bf4 Qc8 19. Qd3 Nc5 20.
Qd4 Ne4 21. c4 Rd8 22. f3 Qc5 23. Qxc5 Nxc5 24. b4 Na6 25. b5 Nb4 26. c5 d4
27. Bc7 Rc8 28. Bd6 Nxc2 29. b6 d3 30. b7 Rd8 31. c6 d2 32. c7 Re8 33. c8=Q
{Black resigns}
1-0

[Event "ICC tourney 2069 (15 5)"]
[Site "Internet Chess Club"]
[Date "2020.10.18"]
[Round "6"]
[White "meiyab"]
[Black "alanl"]
[Result "0-1"]
[ICCResult "White resigns"]
[WhiteElo "1546"]
[BlackElo "1771"]
[Opening "Sicilian defense"]
[ECO "B30"]
[NIC "SI.31"]
[Time "17:02:27"]
[TimeControl "900+5"]

1. e4 c5 2. Nf3 Nc6 3. Bc4 g6 4. O-O Bg7 5. d3 d6 6. Nc3 Nf6 7. Bf4 O-O 8.
e5 dxe5 9. Nxe5 Nxe5 10. Bxe5 a6 11. a4 Bd7 12. Ne4 Nxe4 13. Bxg7 Nxf2 14.
Rxf2 Kxg7 15. Qf1 e6 16. Qe1 Qc7 17. Qc3+ Kg8 18. Raf1 Bc6 19. Qf6 Qd6 20.
Qf4 Qxf4 21. Rxf4 Bxa4 22. Bxe6 fxe6 23. Rxa4 Rxf1+ 24. Kxf1 b5 25. Rf4 Rf8
26. Rxf8+ Kxf8 27. Ke2 Ke7 28. Ke3 Kd6 29. Ke4 h6 30. c4 b4 31. d4 cxd4 32.
Kxd4 a5 33. c5+ Kc6 34. b3 e5+ 35. Kxe5 Kxc5 36. g3 a4 37. Ke4 a3
{White resigns}
0-1

[Event "ICC tourney 2069 (15 5)"]
[Site "Internet Chess Club"]
[Date "2020.10.18"]
[Round "6"]
[White "carokantor"]
[Black "ROWLAND"]
[Result "1-0"]
[ICCResult "Black resigns"]
[WhiteElo "1670"]
[BlackElo "1655"]
[Opening "Philidor: Steinitz variation"]
[ECO "C41"]
[NIC "KP.10"]
[Time "17:03:41"]
[TimeControl "900+5"]

1. e4 e5 2. Nf3 d6 3. Bc4 Be7 4. c3 Nf6 5. Qc2 O-O 6. d4 exd4 7. cxd4 d5 8.
exd5 Nxd5 9. Nc3 Be6 10. Nxd5 Bxd5 11. Bxd5 Qxd5 12. O-O Nc6 13. Be3 Rad8
14. Rfd1 Bf6 15. Qa4 a6 16. Rac1 Rfe8 17. Rc5 Qd6 18. Rdc1 Nxd4 19. Nxd4
Bxd4 20. Bxd4 Qxd4 21. Qxd4 Rxd4 22. Rxc7 Rb4 23. b3 a5 24. Rc8 Kf8 25. Kf1
a4 26. R1c4 Rxc4 27. Rxc4 axb3 28. axb3 b6 29. Rc6 Re6 30. Rxe6 fxe6 31. Ke2
Ke7 32. Kd3 Kd6 33. Kd4 b5 34. f4 g6 35. b4 h6 36. h4 h5 37. g3 Kc6 38. Ke5
Kd7 39. Kf6 Kd6 40. Kxg6 Kd5 41. Kxh5 Kc4 42. Kg5 Kxb4 43. h5 Kc4 44. h6 b4
45. h7 b3 46. h8=Q {Black resigns} 1-0

[Event "ICC tourney 2069 (15 5)"]
[Site "Internet Chess Club"]
[Date "2020.10.18"]
[Round "6"]
[White "fdhamija"]
[Black "ARJUNCHESS05"]
[Result "1-0"]
[ICCResult "Black checkmated"]
[WhiteElo "1338"]
[BlackElo "1285"]
[Opening "King's pawn game"]
[ECO "C50"]
[NIC "IG.03"]
[Time "17:02:12"]
[TimeControl "900+5"]

1. e4 e5 2. Nf3 Nc6 3. Bc4 a6 4. d4 b5 5. Bb3 d6 6. dxe5 dxe5 7. Qxd8+ Nxd8
8. Nxe5 Be6 9. Bxe6 Nxe6 10. O-O Bd6 11. Nf3 Nf6 12. e5 Bxe5 13. Nxe5 O-O
14. Rd1 Nc5 15. Be3 Na4 16. b3 Nb2 17. Re1 Ne4 18. Bd4 f6 19. Bxb2 Nd6 20.
Nf3 a5 21. Nbd2 a4 22. a3 axb3 23. cxb3 c5 24. Ne4 Nxe4 25. Rxe4 f5 26. Re5
c4 27. Rxb5 cxb3 28. Rxb3 f4 29. Rb7 Rf7 30. Rxf7 Kxf7 31. Be5 Ra4 32. g3
fxg3 33. hxg3 Re4 34. a4 Ke6 35. Ng5+ Kf5 36. Nxe4 Kxe5 37. a5 Kxe4 38. a6
g5 39. a7 g4 40. a8=Q+ Kf5 41. Ra4 Kg5 42. Qe4 Kf6 43. Qd5 Kg6 44. Ra6+ Kg7
45. Qb7+ Kh8 46. Ra7 Kg8 47. Qg7# {Black checkmated} 1-0

[Event "ICC tourney 2069 (15 5)"]
[Site "Internet Chess Club"]
[Date "2020.10.18"]
[Round "6"]
[White "Yeeterino0103"]
[Black "hi321"]
[Result "0-1"]
[ICCResult "White resigns"]
[WhiteElo "1267"]
[BlackElo "1448"]
[Opening "Queen's bishop game"]
[ECO "D02"]
[NIC "QP.08"]
[Time "17:02:34"]
[TimeControl "900+5"]

1. d4 d5 2. Nf3 Nf6 3. Bf4 Bf5 4. e3 a6 5. h3 Nc6 6. Be2 e6 7. Nbd2 Bb4 8.
c3 Be7 9. O-O h6 10. Qb3 Na5 11. Qd1 Nc6 12. Nb3 g5 13. Bh2 Ne4 14. Nc5 Bxc5
15. dxc5 Qe7 16. Ne5 Nxe5 17. Bxe5 f6 18. Bh2 Nxc5 19. b4 Ne4 20. c4 O-O-O
21. cxd5 Rxd5 22. Qa4 Nc3 23. Qb3 Nxe2+ 24. Kh1 g4 25. hxg4 Bxg4 26. Qc4 Bh5
27. f3 Rd2 28. Rfd1 Rhd8 29. Rxd2 Rxd2 30. Rc1 Nxc1 31. Qxc1 Qd7 32. Qxc7+
Qxc7 33. Bxc7 Kxc7 {White resigns} 0-1

[Event "ICC tourney 2069 (15 5)"]
[Site "Internet Chess Club"]
[Date "2020.10.18"]
[Round "6"]
[White "Tinky"]
[Black "Deng18"]
[Result "0-1"]
[ICCResult "White checkmated"]
[WhiteElo "1315"]
[BlackElo "1485"]
[Opening "QGD: exchange variation"]
[ECO "D35"]
[NIC "QO.16"]
[Time "17:02:13"]
[TimeControl "900+5"]

1. d4 d5 2. c4 e6 3. Nc3 Nf6 4. cxd5 exd5 5. e3 Nc6 6. Bd3 Be7 7. Nge2 O-O
8. O-O Nb4 9. Bb1 h6 10. a3 Nc6 11. Qc2 g6 12. Nf4 Bf5 13. Qb3 Bxb1 14. Rxb1
Na5 15. Qb5 b6 16. Ncxd5 Nxd5 17. Qxd5 Bd6 18. Qf3 Qd7 19. b4 Nc6 20. d5 Ne5
21. Bb2 Nxf3+ 22. gxf3 Bxf4 23. exf4 Qxd5 24. Kg2 Qf5 25. Be5 c6 26. Rbc1
Rac8 27. Rcd1 g5 28. Rg1 Kh7 29. Kh1 f6 30. Bb2 Rf7 31. Bc1 Rd7 32. Rxd7+
Qxd7 33. fxg5 fxg5 34. Kg2 Rf8 35. h4 Qf5 36. Be3 Qxf3+ 37. Kf1 Rd8 38. hxg5
Rd1# {White checkmated} 0-1

[Event "ICC tourney 2069 (15 5)"]
[Site "Internet Chess Club"]
[Date "2020.10.18"]
[Round "6"]
[White "Jwagner354"]
[Black "HiHiItsByeBye"]
[Result "0-1"]
[ICCResult "White checkmated"]
[WhiteElo "1250"]
[BlackElo "1286"]
[Opening "Queen's pawn, Mason variation"]
[ECO "D00"]
[NIC "QP.08"]
[Time "17:02:39"]
[TimeControl "900+5"]

1. d4 d5 2. Bf4 Nf6 3. e3 Bf5 4. Bd3 e6 5. Nf3 Bd6 6. O-O Qd7 7. Nbd2 Nc6 8.
c3 Bxf4 9. Ne5 Nxe5 10. dxe5 Bxd3 11. Re1 Bxe3 12. Rxe3 Be4 13. Nxe4 Nxe4
14. f3 Nc5 15. b4 Na6 16. a3 O-O 17. f4 c6 18. Rg3 Qe7 19. Qg4 g6 20. Qh5
Rfd8 21. Qh6 Qf8 22. Qg5 Qg7 23. Re1 Kf8 24. f5 exf5 25. Qe3 Re8 26. e6 fxe6
27. a4 Nb8 28. b5 cxb5 29. axb5 a6 30. Qc5+ Qe7 31. Qe3 Qd6 32. Qh6+ Ke7 33.
Qxh7+ Kd8 34. Rxg6 Qd7 35. Qh6 Qxb5 36. Qg5+ Kd7 37. Qf6 Qc5+ 38. Kf1 Qb5+
39. Re2 Nc6 40. Rg7+ Kd6 41. Kg1 Qxe2 42. Qf7 Qe1# {White checkmated} 0-1

[Event "ICC tourney 2069 (15 5)"]
[Site "Internet Chess Club"]
[Date "2020.10.18"]
[Round "6"]
[White "KukuCoolGuy05"]
[Black "Yeetamus123"]
[Result "0-1"]
[ICCResult "White checkmated"]
[WhiteElo "1516"]
[BlackElo "1366"]
[Opening "Sicilian: Alapin's variation (2.c3)"]
[ECO "B22"]
[NIC "SI.46"]
[Time "17:02:40"]
[TimeControl "900+5"]

1. e4 c5 2. c3 Nf6 3. d3 Nc6 4. Nf3 g6 5. Bg5 Bg7 6. Nbd2 O-O 7. d4 cxd4 8.
cxd4 Qb6 9. e5 Nd5 10. Nc4 Qc7 11. Bd3 b5 12. Ne3 Qa5+ 13. Kf1 Nxe3+ 14.
Bxe3 d6 15. exd6 exd6 16. d5 Ne7 17. Qb3 a6 18. Rc1 Bb7 19. Bf4 Bxd5 20. Qc3
Bxc3 21. Rxc3 Qd8 22. Bg5 Bxf3 23. gxf3 Qd7 24. Be4 Rac8 25. Re3 Nf5 26.
Bxf5 Qxf5 27. f4 f6 28. Bh6 Rfe8 29. Ra3 Rc1+ 30. Kg2 Qe4+ 31. Rf3 Rxh1 32.
Kxh1 Qxf3+ 33. Kg1 Re1# {White checkmated} 0-1

[Event "ICC tourney 2069 (15 5)"]
[Site "Internet Chess Club"]
[Date "2020.10.18"]
[Round "6"]
[White "Deng16"]
[Black "Joselin2k16"]
[Result "1-0"]
[ICCResult "Black checkmated"]
[WhiteElo "1344"]
[BlackElo "1222"]
[Opening "French defense"]
[ECO "C01"]
[NIC "FR.01"]
[Time "17:02:26"]
[TimeControl "900+5"]

1. e4 e6 2. d4 Ne7 3. Bd3 b6 4. Bf4 Bb7 5. Nd2 g6 6. Ne2 Bg7 7. c3 O-O 8.
O-O d5 9. e5 c5 10. Ng3 c4 11. Bc2 f6 12. exf6 Rxf6 13. Qg4 h5 14. Qg5 Kh7
15. Be5 Nd7 16. Bxf6 Bxf6 17. Qxh5+ Kg7 18. Qg4 e5 19. Nh5+ Kh6 20. Nxf6
Nxf6 21. Qh4+ Kg7 22. dxe5 Ne4 23. Nxe4 dxe4 24. Rad1 Qe8 25. Qf6+ Kh6 26.
Rd6 Ng8 27. Qh8+ Kg5 28. f4+ Kf5 29. Qh3# {Black checkmated} 1-0

[Event "ICC tourney 2069 (15 5)"]
[Site "Internet Chess Club"]
[Date "2020.10.18"]
[Round "6"]
[White "CastledQueen"]
[Black "AdityaBang"]
[Result "0-1"]
[ICCResult "White checkmated"]
[WhiteElo "1650"]
[BlackElo "1397"]
[Opening "Danish gambit"]
[ECO "C21"]
[NIC "KP.04"]
[Time "17:02:30"]
[TimeControl "900+5"]

1. e4 e5 2. d4 exd4 3. c3 dxc3 4. Nxc3 Nc6 5. f4 d6 6. Nf3 Nf6 7. Bc4 Be7 8.
Bxf7+ Kxf7 9. Ng5+ Kf8 10. Qb3 Qe8 11. Nb5 Bd8 12. O-O h6 13. e5 hxg5 14.
exf6 Qh5 15. fxg7+ Kxg7 16. Rf3 Qxh2+ 17. Kf2 g4 18. Rg3 Bh4 19. Qc3+ Kf7
20. Nxc7 Bxg3+ 21. Qxg3 Qxg3+ 22. Kxg3 Rb8 23. Bd2 Nd4 24. Re1 Ne6 25. Nd5
Re8 26. f5 Ng7 27. Rh1 Nxf5+ 28. Kf4 Re4+ 29. Kg5 Be6 30. Nf6 Re5 31. Nxg4
Rd5 32. Nf6 Rxd2 33. g4 Ng3 34. Rh7+ Kf8 35. Rh8+ Ke7 36. Rxb8 Rxb2 37. Kg6
Bf7+ 38. Kg7 Rb5 39. Nh7 Bxa2 40. g5 Nf5+ 41. Kg6 Bf7# {White checkmated}
0-1

[Event "ICC tourney 2069 (15 5)"]
[Site "Internet Chess Club"]
[Date "2020.10.18"]
[Round "6"]
[White "sayhi2tejas"]
[Black "sasha-zlodorev"]
[Result "1/2-1/2"]
[ICCResult "Game drawn by repetition"]
[WhiteElo "1180"]
[BlackElo "1228"]
[Opening "Philidor: exchange variation"]
[ECO "C41"]
[NIC "KP.08"]
[Time "17:02:25"]
[TimeControl "900+5"]

1. e4 e5 2. Nf3 d6 3. d4 exd4 4. Qxd4 Nc6 5. Qd3 Nf6 6. Nc3 Be7 7. Bf4 O-O
8. Qb5 a6 9. Qb3 b5 10. Bd3 Be6 11. Nd5 Na5 12. Nxe7+ Qxe7 13. Qc3 Nc4 14.
b3 Ne5 15. Nxe5 dxe5 16. Bxe5 Nh5 17. Qxc7 Qg5 18. O-O Rac8 19. f4 Qh6 20.
Qd6 Rfd8 21. Qxa6 Bd7 22. Qxh6 gxh6 23. g3 f6 24. Bb2 Bh3 25. Rfd1 Bg4 26.
Rd2 Kf7 27. Kg2 Ng7 28. h3 Bd7 29. Rad1 Ke7 30. Ba3+ Ke8 31. Bb4 Ne6 32. Bf1
Bc6 33. Kg1 Bxe4 34. Bxb5+ Kf7 35. Bd7 Rb8 36. Bxe6+ Kxe6 37. Rxd8 Rxb4 38.
a3 Rb6 39. Re8+ Kf5 40. Rd4 Bxc2 41. g4+ Kg6 42. Rd7 f5 43. Rg8+ Kf6 44.
Rgg7 Rxb3 45. a4 Rxh3 46. a5 fxg4 47. Rxg4 Bf5 48. Rdg7 Bxg4 49. Rxg4 Kf5
50. Rg2 Kxf4 51. Ra2 Rb3 52. a6 Rb8 53. a7 Ra8 54. Kf2 h5 55. Ra4+ Kf5 56.
Kf3 h4 57. Rxh4 Rxa7 58. Kg3 Ra3+ 59. Kf2 Kg6 60. Rg4+ Kf5 61. Rg7 h5 62.
Rh7 Kg6 63. Rh8 Ra4 64. Kg3 Kg5 65. Rg8+ Kf5 66. Rh8 Rg4+ 67. Kf3 Kg5 68.
Rg8+ Kh4 69. Rd8 Rg3+ 70. Kf4 Kh3 71. Rd1 h4 72. Rh1+ Kg2 73. Rxh4 Ra3 74.
Rh7 Ra4+ 75. Ke3 Ra3+ 76. Kd4 Ra4+ 77. Ke3 Ra3+ 78. Kd4 Ra4+ 79. Ke3 Ra3+
80. Kd4 Ra4+ 81. Ke3 Ra3+ 82. Kd4 Ra4+ {Game drawn by repetition} 1/2-1/2

[Event "ICC tourney 2069 (15 5)"]
[Site "Internet Chess Club"]
[Date "2020.10.18"]
[Round "6"]
[White "jjplaman"]
[Black "JadeTooth"]
[Result "0-1"]
[ICCResult "White resigns"]
[WhiteElo "1399"]
[BlackElo "1520"]
[Opening "Giuoco Pianissimo: Canal variation"]
[ECO "C50"]
[NIC "IG.02"]
[Time "17:02:36"]
[TimeControl "900+5"]

1. e4 e5 2. Nf3 Nc6 3. Bc4 Bc5 4. Nc3 Nf6 5. d3 d6 6. Bg5 h6 7. Bh4 Be6 8.
Bxe6 fxe6 9. O-O O-O 10. Qd2 Qd7 11. a3 d5 12. exd5 exd5 13. Rae1 Rae8 14.
Re2 Nd4 15. Nxd4 exd4 16. Na2 Rxe2 17. Qxe2 Re8 18. Qd2 Qf5 19. Re1 Rxe1+
20. Qxe1 Bd6 21. Bg3 Bxg3 22. fxg3 Ng4 23. Nb4 Ne3 24. Qf2 Qxf2+ 25. Kxf2 c5
26. Na2 Nxc2 27. Nc1 c4 28. Kf3 Ne1+ 29. Kf4 cxd3 30. Nb3 Nxg2+ 31. Ke5 Ne3
32. Kxd4 Nf1 33. Kxd3 Nxh2 34. Kd4 Nf1 35. Kxd5 Nxg3 36. Kd6 h5 37. Kc7 h4
38. Kxb7 h3 {White resigns} 0-1

[Event "ICC tourney 2069 (15 5)"]
[Site "Internet Chess Club"]
[Date "2020.10.18"]
[Round "6"]
[White "RM26"]
[Black "lucasnc"]
[Result "0-1"]
[ICCResult "White checkmated"]
[WhiteElo "1365"]
[BlackElo "1388"]
[Opening "Ruy Lopez: old Steinitz defense"]
[ECO "C62"]
[NIC "RL.02"]
[Time "17:02:39"]
[TimeControl "900+5"]

1. e4 e5 2. Nf3 Nc6 3. Bb5 d6 4. d3 Bg4 5. O-O a6 6. Bxc6+ bxc6 7. c4 Nf6 8.
Qa4 Qd7 9. b4 d5 10. b5 cxb5 11. cxb5 Qxb5 12. Nc3 Qxa4 13. Nxa4 dxe4 14.
Nxe5 Bf5 15. d4 Bd6 16. Bf4 O-O 17. Bg5 Nd5 18. h3 f6 19. g4 Bxg4 20. Nxg4
fxg5 21. Rae1 h5 22. Nh2 Bxh2+ 23. Kxh2 e3 24. fxe3 Rxf1 25. Rxf1 Nxe3 26.
Re1 Nc2 27. Re4 Rd8 28. Nc5 Nxd4 29. Nxa6 c6 30. Nc5 Rd5 31. Ne6 Nxe6 32.
Rxe6 Rd2+ 33. Kg3 Rxa2 34. Rxc6 Ra3+ 35. Kh2 g4 36. h4 Rh3+ 37. Kg2 Rxh4 38.
Kg3 Rh1 39. Rc8+ Kh7 40. Kf4 Kh6 41. Rc6+ g6 42. Kg3 Kg5 43. Kg2 Ra1 44. Kg3
h4+ 45. Kg2 Ra3 46. Rc5+ Kf4 47. Rc4+ Kf5 48. Rc5+ Kf4 49. Rc4+ Kg5 50. Rc5+
Kh6 51. Rc4 Kh5 52. Rc8 Ra2+ 53. Kf1 g3 54. Rh8+ Kg4 55. Rg8 g5 56. Kg1 h3
57. Rd8 Ra1+ 58. Rd1 Rxd1# {White checkmated} 0-1

[Event "ICC tourney 2069 (15 5)"]
[Site "Internet Chess Club"]
[Date "2020.10.18"]
[Round "6"]
[White "smanek75"]
[Black "alfvelas1"]
[Result "1-0"]
[ICCResult "Black resigns"]
[WhiteElo "1677"]
[BlackElo "1381"]
[Opening "French: advance, Wade variation"]
[ECO "C02"]
[NIC "FR.03"]
[Time "17:02:22"]
[TimeControl "900+5"]

1. e4 e6 2. d4 d5 3. e5 c5 4. Nf3 Qb6 5. c3 Bd7 6. Be2 Bb5 7. Bxb5+ Qxb5 8.
Qe2 Qxe2+ 9. Kxe2 Nc6 10. Be3 cxd4 11. cxd4 Bb4 12. Nbd2 Nge7 13. a3 Ba5 14.
Nb3 Bb6 15. g4 h6 16. h4 g6 17. Rhc1 h5 18. g5 Nf5 19. a4 a5 20. Rc3 Kd7 21.
Rac1 Rhc8 22. Nc5+ Bxc5 23. Rxc5 Nb4 24. Rxc8 Rxc8 25. Rxc8 Kxc8 26. Kd2 b6
27. Kc3 Kc7 28. Kd2 Kc6 29. Kc3 b5 30. b3 Na6 31. axb5+ Kxb5 32. Bd2 Nb4 33.
Be3 Nc6 34. Kd3 Kb4 35. Kc2 Ka3 36. Kc3 a4 37. Bc1+ Ka2 38. bxa4 Na5 39. Kb4
Nb3 40. Be3 Ne7 41. Kb5 Ka3 42. a5 Nxa5 43. Kxa5 Kb3 44. Kb6 Kc3 45. Kc7 Kd3
46. Kd7 Nf5 47. Ke8 Nxe3 48. fxe3 Kxe3 49. Kxf7 Kxf3 50. Kxe6 Ke4 51. Kf6
Kxd4 52. e6 Kc3 53. e7 d4 54. e8=Q d3 55. Qc6+ Kd2 56. Qd5 Ke2 57. Kxg6 d2
58. Kxh5 d1=Q 59. Qxd1+ Kxd1 60. g6 Ke2 61. Kg5 Kf3 62. h5 Ke4 63. h6
{Black resigns}
1-0

[Event "ICC tourney 2069 (15 5)"]
[Site "Internet Chess Club"]
[Date "2020.10.18"]
[Round "6"]
[White "njchess"]
[Black "anandmenon"]
[Result "1-0"]
[ICCResult "Black checkmated"]
[WhiteElo "823"]
[BlackElo "915"]
[Opening "Four knights: Italian variation"]
[ECO "C47"]
[NIC "KP.06"]
[Time "17:02:44"]
[TimeControl "900+5"]

1. e4 e5 2. Nf3 Nc6 3. Nc3 Nf6 4. Bc4 d5 5. exd5 Ne7 6. Nxe5 b6 7. Bb5+ Qd7
8. Bxd7+ Bxd7 9. Nxd7 Kxd7 10. O-O c6 11. dxc6+ Kxc6 12. Qf3+ Kc7 13. Qxa8
g6 14. Qxa7+ Kc6 15. Qa4+ Kb7 16. d4 Nc6 17. Bg5 Ng8 18. Bf6 Nxf6 19. Rae1
b5 20. Qxb5+ Kc7 21. a4 Na7 22. Qc4+ Kd7 23. Qxf7+ Kd8 24. Qxf6+ Be7 25.
Qxh8+ Kd7 26. Qxh7 Kd6 27. Qxg6+ Kd7 28. Qa6 Nc8 29. Qe6+ Kd8 30. Re5 Bb4
31. Rd5+ Kc7 32. Rd7+ Kb8 33. Qe5+ Ka8 34. Nd5 Nb6 35. Nc7+ Kb8 36. Rd8+ Kb7
37. Rd7 Nxd7 38. Qb5+ Kc8 39. Qxb4 Kxc7 40. a5 Nb8 41. Qb6+ Kc8 42. d5 Nd7
43. Qc6+ Kd8 44. a6 Nf8 45. a7 Ke7 46. a8=Q Kf7 47. Qa7+ Kg8 48. Qe8 Kh8 49.
Qxf8# {Black checkmated} 1-0

[Event "ICC tourney 2069 (15 5)"]
[Site "Internet Chess Club"]
[Date "2020.10.18"]
[Round "6"]
[White "caratclownery"]
[Black "TjkTiger"]
[Result "0-1"]
[ICCResult "White resigns"]
[WhiteElo "1981"]
[BlackElo "2610"]
[Opening "Sicilian: Hungarian variation"]
[ECO "B34"]
[NIC "SI.43"]
[Time "17:03:44"]
[TimeControl "900+5"]

1. e4 c5 2. Nf3 g6 3. d4 cxd4 4. Nxd4 Bg7 5. Be3 Nc6 6. Nc3 Nf6 7. Nxc6 bxc6
8. Be2 O-O 9. O-O d5 10. exd5 cxd5 11. Bc5 Qc7 12. Ba3 Rd8 13. Nb5 Qb7 14.
Re1 Bd7 15. Nd4 e6 16. Bf3 Qb6 17. Nb3 Rdc8 18. c3 Ba4 19. Qd4 Qxd4 20. Nxd4
Rab8 21. Rac1 Be8 22. h3 Nd7 23. Ne2 Ne5 24. Ng3 Nd3 25. Rcd1 Nxe1 26. Rxe1
Bf8 27. Bxf8 Kxf8 28. Re2 Rc6 29. Rd2 Ra6 30. b3 Bb5 31. Ne2 Bxe2 32. Bxe2
Rc6 33. c4 dxc4 34. Bxc4 Ke7 35. a4 Rd8 36. Re2 Rc5 37. f4 Rd4 38. g3 h5 39.
Kf2 a5 40. Ke3 Rdxc4 41. bxc4 Rxc4 42. Ra2 Rc3+ 43. Kf2 h4 44. gxh4 Rxh3 45.
Kg2 Rxh4 46. Kg3 Rh5 47. Rb2 Rd5 48. Rb7+ Kf6 49. Ra7 e5 50. fxe5+ Rxe5 51.
Kf4 g5+ 52. Kg4 Re4+ 53. Kf3 Rxa4 54. Ra6+ Kf5 55. Ra7 f6 56. Rb7 g4+ 57.
Kf2 Ra2+ 58. Kg3 Ra3+ 59. Kg2 Kf4 60. Rb2 f5 61. Rf2+ Kg5 62. Rb2 f4 63.
Rb5+ Kh4 64. Rb8 Ra2+ 65. Kg1 a4 66. Rb1 a3 67. Rf1 Kg3 68. Kh1 f3 69. Rg1+
Kh3 70. Rf1 Rh2+ 71. Kg1 f2+ 72. Rxf2 Rxf2 73. Kxf2 a2 {White resigns} 0-1

[Event "ICC tourney 2069 (15 5)"]
[Site "Internet Chess Club"]
[Date "2020.10.18"]
[Round "6"]
[White "Goran21"]
[Black "mexicoreal"]
[Result "1-0"]
[ICCResult "Black resigns"]
[WhiteElo "2087"]
[BlackElo "1940"]
[Opening "Ruy Lopez: exchange variation, Alapin gambit"]
[ECO "C68"]
[NIC "RL.08"]
[Time "17:02:33"]
[TimeControl "900+5"]

1. e4 e5 2. Nf3 Nc6 3. Bb5 a6 4. Bxc6 dxc6 5. O-O Bg4 6. h3 h5 7. d3 Qf6 8.
Nbd2 Bc5 9. Nb3 Bxf3 10. Qxf3 Qxf3 11. gxf3 Bb6 12. f4 exf4 13. Bxf4 O-O-O
14. a4 Ne7 15. a5 Ba7 16. Kg2 f6 17. Be3 Bxe3 18. fxe3 Ng6 19. Kf2 Ne5 20.
Rg1 g5 21. Ke2 g4 22. Rh1 Nf3 23. Kf2 Rdg8 24. hxg4 hxg4 25. Kg3 Ne5 26. Nd4
Kd7 27. Raf1 Ke7 28. Nf5+ Ke6 29. b3 c5 30. Ng7+ Kf7 31. Nf5 Ke6 32. Ng7+
Kf7 33. Nh5 Rg6 34. Nf4 Rgh6 35. Rxh6 Rxh6 36. Rb1 b5 37. Rd1 Rh8 38. d4
cxd4 39. exd4 Nc6 40. Kxg4 Nxa5 41. d5 Nb7 42. Ne6 Rg8+ 43. Kf4 Nd6 44. Rh1
a5 45. Nxc7 Rg2 46. Ra1 Rxc2 47. Ne6 Re2 48. Rxa5 Rxe4+ 49. Kf3 Rb4 50. Ra7+
Kg6 51. Nc5 Nf5 52. Kf2 Nd4 53. d6 Nxb3 54. d7 Rd4 55. Ne6 Rd2+ 56. Ke3 Nc5
57. Nxc5 Rd5 58. Ra8 Rxc5 59. d8=Q {Black resigns} 1-0

[Event "ICC tourney 2069 (15 5)"]
[Site "Internet Chess Club"]
[Date "2020.10.18"]
[Round "6"]
[White "tangent"]
[Black "JonnyTurgi"]
[Result "0-1"]
[ICCResult "White resigns"]
[WhiteElo "2269"]
[BlackElo "1967"]
[Opening "Catalan: open, classical line"]
[ECO "E05"]
[NIC "CA.05"]
[Time "17:02:21"]
[TimeControl "900+5"]

1. d4 d5 2. c4 e6 3. Nf3 Nf6 4. g3 dxc4 5. Bg2 Be7 6. O-O O-O 7. Ne5 c5 8.
dxc5 Bxc5 9. Qc2 Nbd7 10. Nxc4 Qc7 11. b3 Rb8 12. Qb2 e5 13. Be3 b5 14. Bxc5
Qxc5 15. Na5 Qb6 16. b4 e4 17. Rc1 Bb7 18. Nxb7 Qxb7 19. Nd2 Rbc8 20. Qd4
Rxc1+ 21. Rxc1 Re8 22. e3 h6 23. h3 Nb6 24. Qc5 Rc8 {White resigns} 0-1

[Event "ICC tourney 2069 (15 5)"]
[Site "Internet Chess Club"]
[Date "2020.10.18"]
[Round "6"]
[White "adimaj"]
[Black "chessprogidy"]
[Result "0-1"]
[ICCResult "White checkmated"]
[WhiteElo "1396"]
[BlackElo "1445"]
[Opening "King's Indian: 6.Be2"]
[ECO "E91"]
[NIC "KI.19"]
[Time "17:02:54"]
[TimeControl "900+5"]

1. d4 Nf6 2. c4 g6 3. Nc3 Bg7 4. e4 d6 5. Nf3 O-O 6. Be2 Bg4 7. O-O Bxf3 8.
Bxf3 c6 9. Be3 Nbd7 10. Qd2 a6 11. a4 a5 12. d5 cxd5 13. cxd5 Ne5 14. Be2
Qd7 15. h3 Qd8 16. Rac1 Ned7 17. Kh1 Nc5 18. Bxc5 dxc5 19. f4 Rb8 20. Bf3
Re8 21. e5 Nd7 22. Rfd1 Nb6 23. Qe3 Qc7 24. Nb5 Qd7 25. Qxc5 Nxa4 26. Qc7
Qxb5 27. d6 exd6 28. exd6 Red8 29. Bd5 Nb6 30. Bxf7+ Kh8 31. Rc5 Qe2 32. Bb3
Nd7 33. Rxa5 Qxb2 34. Be6 Qe2 35. Bg4 Qe8 36. Ra7 h5 37. Bf3 Qe3 38. Rxb7
Qe8 39. Bc6 Rxb7 40. Bxb7 Bf6 41. Qc2 Kg7 42. Bc6 Qf7 43. Re1 Re8 44. Rxe8
Qxe8 45. Qa4 Qe1+ 46. Kh2 Bh4 47. Qd4+ Nf6 48. d7 Bg3# {White checkmated}
0-1

[Event "ICC tourney 2069 (15 5)"]
[Site "Internet Chess Club"]
[Date "2020.10.18"]
[Round "6"]
[White "rjc64uk"]
[Black "premierchess"]
[Result "0-1"]
[ICCResult "White resigns"]
[WhiteElo "2063"]
[BlackElo "2177"]
[Opening "Caro-Kann: two knights, 3...Bg4"]
[ECO "B11"]
[NIC "CK.01"]
[Time "17:02:49"]
[TimeControl "900+5"]

1. e4 c6 2. Nc3 d5 3. Nf3 Bg4 4. h3 Bxf3 5. Qxf3 e6 6. d3 Qb6 7. g4 Nd7 8.
Qg2 d4 9. Nd1 h5 10. f4 hxg4 11. hxg4 Rxh1 12. Qxh1 O-O-O 13. g5 Ne7 14. Qh7
Ng6 15. Bd2 Qc7 16. Qh5 Bd6 17. e5 Be7 18. Qh7 Ndxe5 19. fxe5 Qxe5+ 20. Kf2
Rh8 21. Qxh8+ Nxh8 22. Be2 Ng6 23. b3 Qh2+ 24. Kf1 Bd6 25. Nf2 Nh4 26. Bg4
Qg2+ 27. Ke2 Bg3 28. Rf1 Bxf2 29. Rxf2 Qxg4+ 30. Kf1 Nf3 {White resigns} 0-1